 Dungeon Crawl Stone Soup version 0.19.0-24-gb05acd6 (console) character file.

42 Jesseh the Firebug (level 3, 0/19 HPs)
             Began as a Tengu Fire Elementalist on Nov 21, 2016.
             Slain by a hobgoblin
             ... wielding a +0 club
              (1 damage)
             ... on level 2 of the Dungeon.
             The game lasted 00:07:12 (1180 turns).

Jesseh the Firebug (Tengu Fire Elementalist)        Turns: 1180, Time: 00:07:12

Health: 0/19       AC:  2    Str:  8    XL:     3   Next: 56%
Magic:  5/7        EV: 12    Int: 16    God:
Gold:   124        SH:  0    Dex: 14    Spells: 1 memorised, 5 levels left

rFire  . . .     SeeInvis .     j - +0 short sword
rCold  . . .     Gourm    .     o - +0 robe {MR+}
rNeg   . . .     Faith    .     (no shield)
rPois  .         Spirit   .     (helmet restricted)
rElec  .         Reflect  .     (no cloak)
rCorr  .         Harm     .     (no gloves)
MR     +....                    (boots unavailable)
Stlth  ++........               (no amulet)
                                (no ring)
                                (no ring)

@: lethally poisoned (0 -> -6)
A: beak, talons 3
a: no special abilities


You were on level 2 of the Dungeon.
You were hungry.

You visited 1 branch of the dungeon, and saw 2 of its levels.

You collected 124 gold pieces.

Inventory:

Hand Weapons
 g - a +0 hand axe
   (You found it on level 1 of the Dungeon)
 j - a +0 short sword (weapon)
   (You took it off a kobold on level 1 of the Dungeon)
Armour
 a - a +0 robe
 e - a +0 buckler
   (You found it on level 1 of the Dungeon)
 o - a +0 robe of magic resistance (worn)
   (You found it on level 1 of the Dungeon)
Scrolls
 f - 2 scrolls of remove curse {unknown}
 k - a scroll of identify {unknown}
 l - 2 scrolls of amnesia {unknown}
Potions
 h - 2 potions of brilliance {unknown}
 n - a potion of curing {unknown}
Books
 b - a book of Flames
Comestibles
 c - a bread ration
 d - a chunk of flesh
 i - a meat ration
 m - 2 fruits


   Skills:
 - Level 2.1 Dodging
 - Level 2.0 Stealth
 * Level 2.2 Spellcasting
 + Level 3.6 Conjurations
 + Level 3.7 Fire Magic


You had 5 spell levels left.
You knew the following spells:

 Your Spells              Type           Power        Failure   Level  Hunger
a - Flame Tongue          Conj/Fire      ##...        6%          1    #......


Dungeon Overview and Level Annotations

Branches:
Dungeon (2/15)

Altars:


Innate Abilities, Weirdness & Mutations

You have a beak for a mouth.
You have claws for feet.


Message History

Aim: a bat The flame tongue hits the bat.
You kill the bat!
You see here a bat corpse.
You butcher the bat corpse.
d - 8 chunks of flesh (gained 1)
d - 9 chunks of flesh (gained 1)
You see here a bat skeleton.
Things that are here:
a club; a hobgoblin skeleton You now have 102 gold pieces (gained 14).
You now have 112 gold pieces (gained 10).
Some of the chunks of flesh in your inventory have rotted away.
A goblin comes into view.
Some of the chunks of flesh in your inventory have rotted away.
The goblin shouts!
Aim: a goblin The flame tongue hits the goblin.
You kill the goblin!
You now have 117 gold pieces (gained 5).
Eating a chunk of flesh.
You start eating the chunk of flesh.
You are feeling hungry.
A hobgoblin comes into view. It is wielding a club.
The hobgoblin shouts!
Aim: a hobgoblin, wielding a club You miscast Flame Tongue.
You are very lightly contaminated with residual magic.
Strange energies run through your body. The hobgoblin closely misses you.
You hit the hobgoblin but do no damage. The hobgoblin closely misses you.
You closely miss the hobgoblin. Your kick misses the hobgoblin.
The hobgoblin hits you with a club.
You hit the hobgoblin. Your kick misses the hobgoblin.
The hobgoblin hits you with a club.
You hit the hobgoblin but do no damage. The hobgoblin misses you.
You barely miss the hobgoblin. You claw the hobgoblin.
You kill the hobgoblin!
Things that are here:
a club; a hobgoblin corpse You butcher the hobgoblin corpse.
d - 4 chunks of flesh You see here a club.
Your magical contamination has completely faded away.
You see here a club.
You now have 124 gold pieces (gained 7).
A giant cockroach comes into view.
Aim: a giant cockroach (clinging)
The flame tongue hits the giant cockroach.
You kill the giant cockroach!
You see here a giant cockroach corpse.
You butcher the giant cockroach corpse.
d - 5 chunks of flesh (gained 1)
o - a runed robe Wear which item? (? for menu, Esc to quit)
You start removing your armour.
You continue taking off your +0 robe. x4
You finish taking off your +0 robe.
You start putting on your armour.
You continue putting on your runed robe. x5
You finish putting on your +0 robe of magic resistance.
You feel resistant to hostile enchantments.
l - 2 scrolls labeled RIFENA ZUNI (gained 1) Some of the chunks of flesh in your inventory have rotted away.
Done exploring.
There is a stone staircase leading down here.
You climb downwards.
An adder comes into view.
You are feeling hungry.
There is a stone staircase leading up here.
Aim: an adder (resting)
The flame tongue hits the adder.
The adder hisses angrily.
The adder bites you.
You hit the adder.
You kill the adder!
All of the chunks of flesh in your inventory have rotted away.
You see here an adder corpse.
You butcher the adder corpse.
d - a chunk of flesh A hobgoblin comes into view.
It is wielding a club.
An adder comes into view.
The adder hisses angrily.
The hobgoblin shouts!
You see here a chain mail.
Aim: an adder The flame tongue hits the adder.
Aim: an adder (moderately wounded)
The flame tongue hits the adder.
The adder barely misses you. The adder bites you.
You hit the adder. The adder bites you.
You are poisoned.
The adder poisons you!
You miss the adder.
You feel sick. The adder bites you. The adder barely misses you.
You miss the adder.
You feel sick. The adder bites you.
* * * LOW HITPOINT WARNING * * *
The hobgoblin hits you with a club.
* * * LOW HITPOINT WARNING * * *
You barely miss the adder. The adder bites you.
* * * LOW HITPOINT WARNING * * *
The hobgoblin hits you with a club.
You die...

▒▒▒▒ ...
▒▒▒▒▒.▒▒ ......▒
▒▒▒▒...▒▒
▒▒▒▒▒▒.......▒
▒...........▒
▒..Qg.....▒▒
......▒▒S..<...▒
▒.▒€▒ ▒..▒...▒▒
▒ ....!▒...▒
▒▒▒▒......▒
........▒
...▒▒▒.▒▒▒ .....
..▒ .▒▒▒ .▒


You could see an adder and a hobgoblin.

Vanquished Creatures
  An adder (D:2)
  2 dart slugs (D:1)
  2 giant cockroaches (D:1)
  6 goblins (D:1)
  7 hobgoblins (D:1)
  3 bats (D:1)
  A frilled lizard (D:1)
  2 kobolds (D:1)
  4 rats (D:1)
28 creatures vanquished.

Notes
Turn   | Place    | Note
-------+----------+-------------------------------------------
     0 | D:1      | Jesseh the Tengu Fire Elementalist began the quest for the Orb.
     0 | D:1      | Reached XP level 1. HP: 10/10 MP: 4/4
    28 | D:1      | Reached skill level 2 in Conjurations
   233 | D:1      | Reached XP level 2. HP: 15/15 MP: 1/6
   278 | D:1      | Reached skill level 3 in Conjurations
   573 | D:1      | Reached XP level 3. HP: 9/19 MP: 1/7
  1179 | D:2      | HP: 4/19 [hobgoblin/club (3)]
  1180 | D:2      | HP: 1/19 [adder (3)]
  1180 | D:2      | Slain by a hobgoblin

Skill      XL: |  1  2 |
---------------+-------+-----
Conjurations   | 2 3 |  3.6
Dodging        | |  2.1
Stealth        | |  2.0
Spellcasting   | |  2.2
Fire Magic     | |  3.7

Action                   || total
-------------------------++-------
Melee: Short sword       ||    38
       Kick              ||     5
       Peck              ||     5
 Cast: Flame Tongue      ||    37
  Eat: Chunk             ||     1
Armor: Robe              ||    14
Dodge: Dodged            ||    31

Vault maps used:
D:1:      minmay_arrival_radiant_lines, st_stairs_6, corexii_leaking_fountain,
          minmay_misc_feat_chi, roderic_filled_cross, minmay_heptomino_o4
D:2:      nicolae_tso_carved_into_rock, first_bread, ecumenical_altar_2,
          minmay_misc_feat_iff, okawaru_trees_1

Table legend:
 A = Turns spent in this place as a percentage of turns spent in the entire game.
 B = Non-inter-level travel turns spent in this place as a percentage of non-inter-level travel turns spent in the entire game.
 C = Inter-level travel turns spent in this place as a percentage of turns spent in this place.
 D = Turns resting spent in this place as a percentage of non-inter-level travel turns spent in this place.
 E = Turns spent auto-exploring this place as a percentage of non-inter-level travel turns spent in this place.
 F = Non-inter-level travel turns spent in this place divided by the number of levels of this place that you've seen.
                   A       B       C       D       E      F
               +-------+-------+-------+-------+-------+----------------------
         Total | 100.0 | 100.0 |   0.3 |   1.8 |   8.4 | 166.0
       Dungeon | 100.0 | 100.0 |   0.3 |   1.8 |   8.4 | 166.0
               +-------+-------+-------+-------+-------+----------------------

Table legend:
 A = Kills in this place as a percentage of kills in entire the game.
 B = Kills by you in this place as a percentage of kills by you in the entire game.
 C = Kills by friends in this place as a percentage of kills by friends in the entire game.
 D = Other kills in this place as a percentage of other kills in the entire game.
 E = Experience gained in this place as a percentage of experience gained in the entire game.
 F = Experience gained in this place divided by the number of levels of this place that you have seen.
                   A       B       C       D       E      F
               +-------+-------+-------+-------+-------+----------------------
         Total | 100.0 | 100.0 |  -nan |  -nan | 100.0 |  30.5
       Dungeon | 100.0 | 100.0 |  -nan |  -nan | 100.0 |  30.5
               +-------+-------+-------+-------+-------+----------------------
